 Seeded DCSS version 0.28-a0-823-gb444dcf96d (webtiles) character file.

Game seed: 20211110 (custom seed)

903 a11behringer the Cudgeller (level 7, -13/100 HPs)
             Began as a Troll Berserker on Nov 10, 2021.
             Was a Believer of Trog.
             Killed from afar by an acid dragon (19 damage)
             ... with a splash of acid
             ... on level 5 of the Dungeon.
             The game lasted 00:11:54 (3285 turns).

a11behringer the Cudgeller (Troll Berserker)        Turns: 3285, Time: 00:11:55

Health: -13/100    AC:  8    Str: 26    XL:     7   Next: 80%
Magic:  6/6        EV:  8    Int:  9    God:    Trog [**....]
Gold:   126        SH:  0    Dex: 11    Spells: 6/6 levels left

rFire   + + +      SeeInvis .   a - +0 mace
rCold   x . .      Faith    .   (no shield)
rNeg    . . .      Spirit   .   h - +1 fire dragon scales
rPois   .          Reflect  .   (helmet restricted)
rElec   .          Harm     .   (no cloak)
rCorr   .          Rampage  .   (gloves unavailable)
Will    ++...                   (boots unavailable)
Stlth   ..........              (no amulet)
HPRegen 2.26/turn               l - ring of protection from fire
MPRegen 0.10/turn               n - +6 ring of intelligence

@: berserking (expiring), lethally poisoned (-13 -> -14), strong-willed,
corroded, regenerating, very quick
A: large, unfitting armour, claws 3, regeneration 1, shaggy fur 1, tough skin 1
a: Renounce Religion, Berserk, Trog's Hand


You were on level 5 of the Dungeon.
You worshipped Trog.
Trog was pleased with you.
You visited 1 branch of the dungeon, and saw 5 of its levels.

You collected 126 gold pieces.

Inventory:

Hand Weapons
 a - a +0 mace (weapon)
 m - a +0 giant club
 r - a +2 flail of holy wrath
Armour
 b - a +0 animal skin
 h - +1 fire dragon scales (worn)
Jewellery
 l - a ring of protection from fire (left claw)
 n - a +6 ring of intelligence (right claw)
Wands
 q - a wand of mindburst (14)
Scrolls
 d - a scroll of enchant armour
 i - a scroll of torment {unknown}
 j - 2 scrolls of teleportation
 k - 5 scrolls of identify
 p - a scroll of immolation {unknown}
Potions
 c - 3 potions of attraction {unknown}
 e - 2 potions of flight
 f - a potion of ambrosia {unknown}
 g - a potion of resistance {unknown}
 o - a potion of brilliance {unknown}


   Skills:
 + Level 3.3 Fighting
 * Level 6.5 Maces & Flails
 * Level 3.7 Armour
 + Level 3.1 Dodging


You had 6 spell levels left.
You didn't know any spells.
Your spell library was empty.

Dungeon Overview and Level Annotations

Branches:
Dungeon (5/15)             Temple (0/1) D:4

Altars:
Dithmenos
Hepliaklqana
Okawaru

Shops:
D:2 [   D:3 *

Annotations:
D:4 2 transporters, a11behringer's ghost, amateur GrFi


Innate Abilities, Weirdness & Mutations

You are too large for most types of armour.
You have claws for hands.
Your natural rate of healing is unusually fast.
You are covered in fur. (AC +1)
You have tough skin. (AC +1)


Message History

The acid dragon claws you but does no damage.
Something hits you but does no damage.
You sock the acid dragon!
The acid dragon is moderately wounded.
You feel very sick. The acid dragon spits acid at you.
The splash of acid hits you!
* * * LOW HITPOINT WARNING * * *
The acid corrodes you! Something hits you but does no damage.
You are more poisoned.
You hit the acid dragon.
The acid dragon is moderately wounded.
You feel very sick. The acid dragon bites you!
* * * LOW HITPOINT WARNING * * *
The acid dragon barely misses you. Something hits you but does no damage.
You are more poisoned.
You closely miss the acid dragon.
The acid dragon is moderately wounded.
You feel very sick.
The acid dragon bites you but does no damage.
The acid dragon claws you.
* * * LOW HITPOINT WARNING * * *
You barely miss the acid dragon.
The acid dragon is moderately wounded.
You feel very sick. Something hits you but does no damage.
You hit the acid dragon.
The acid dragon is heavily wounded.
You feel very sick. The acid dragon misses you.
The acid dragon claws you but does no damage.
Something hits you but does no damage.
You are too berserk!
You sock the acid dragon!
The acid dragon is almost dead.
You feel very sick. The acid dragon spits acid at you.
The splash of acid hits you!!
You die...

..#..............##..
#............#...#
...##......###..#.....
...........###.........
................#.....
......##.......##....
#...# #......... .
##.####.........
#ZD@#.....#....
#..#{....####... ....
#.)....# ... .##.
#.........# .. #
###........# #.......##
###.##### #.# ##


You could see an acid dragon (catching breath) and a water moccasin skeleton.

Vanquished Creatures
  Edmund (D:5)
  An ogre (D:4)
  2 centaurs (D:5)
  A bullfrog (D:5)
  A wyvern zombie (D:5)
  2 howler monkeys (D:4)
  A bullfrog zombie (D:5)
  3 orc priests (D:5)
  2 centaur skeletons (D:4)
  An iguana (D:4)
  An orc wizard (D:4)
  4 adders
  A worm (D:3)
  4 dart slugs
  8 orcs
  7 bats
  2 endoplasms
  4 giant cockroaches
  2 goblins
  8 hobgoblins
  5 kobolds
  2 quokkas
  7 ball pythons
  6 frilled lizards
  3 rats
79 creatures vanquished.

Notes
Turn   | Place    | Note
-------+----------+-------------------------------------------
     0 | D:1      | a11behringer the Troll Berserker began the quest for the
                  | Orb.
     0 | D:1      | Reached XP level 1. HP: 22/22 MP: 0/0
   228 | D:2      | Reached skill level 3 in Maces & Flails
   228 | D:2      | Reached XP level 2. HP: 29/29 MP: 1/1
   273 | D:2      | Found Erufutt's Antique Armour Shoppe.
   421 | D:2      | Reached XP level 3. HP: 35/36 MP: 2/2
   963 | D:1      | Found a faded altar of an unknown god.
  1240 | D:2      | Reached ** piety under Trog
  1444 | D:3      | Reached XP level 4. HP: 44/44 MP: 3/3
  1557 | D:3      | Reached skill level 4 in Maces & Flails
  1564 | D:3      | Found Fuekhlaeq's General Store.
  2061 | D:4      | Reached skill level 1 in Armour
  2081 | D:4      | Noticed an ogre
  2090 | D:4      | Killed an ogre
  2091 | D:4      | Reached XP level 5. HP: 35/53 MP: 4/4
  2117 | D:4      | Found a transporter.
  2120 | D:4      | Noticed a11behringer's ghost (amateur GrFi)
  2165 | D:4      | Found a staircase to the Ecumenical Temple.
  2173 | D:4      | Found a transporter.
  2204 | D:4      | Reached XP level 6. HP: 61/61 MP: 5/5
  2254 | D:4      | Reached skill level 5 in Maces & Flails
  2536 | D:4      | Found an iron altar of Okawaru.
  2538 | D:4      | Found a shadowy altar of Dithmenos.
  2541 | D:4      | Found a hazy altar of Hepliaklqana.
  2970 | D:5      | Entered Level 5 of the Dungeon
  3035 | D:5      | Reached XP level 7. HP: 11/67 MP: 6/6
  3072 | D:5      | Reached skill level 6 in Maces & Flails
  3102 | D:5      | Noticed Edmund
  3121 | D:5      | Killed Edmund
  3285 | D:5      | Killed from afar by an acid dragon

Illustrated notes

Levels and vault maps discovered:
D:1:      saegor_arrival_miasma, layout_loops_corners, basic_ecumenical_altar,
          hangedman_decor_diamond_cutter, kennysheep_minor_cross
D:2:      layout_rooms, serial_shops, shop_fountains, kennysheep_nondescript,
          kennysheep_generic_room_4
D:3:      layout_basic, serial_shops, shop,
          hangedman_abyss_or_decor_lesser_grid, minmay_misc_feat_more_columns
D:4:      layout_basic, grunt_temple_overflow_open, minmay_temple_entry_trees,
          gammafunk_ghost_mausoleum, minmay_tree_intersection
D:5:      layout_cave_pools, uniq_edmund

Skill      XL: |  1  2  3  4  5  6  7 |
---------------+----------------------+-----
Maces & Flails | 3 4 5 6 |  6.5
Armour         | 1 2 3 |  3.7
Fighting       | 3 |  3.3
Dodging        | 3 |  3.1

Action                   |  1- 3 |  4- 6 |  7- 9 || total
-------------------------+-------+-------+-------++-------
Melee: Mace              |   133 |   125 |    64 ||   322
Invok: Trog's Hand       |       |     3 |     2 ||     5
       Berserk           |       |     2 |     2 ||     4
  Use: Scroll            |     4 |       |       ||     4
 Stab: Sleeping          |     1 |       |       ||     1
Armor: Animal skin       |    51 |       |       ||    51
       Fire dragon scale |    33 |    85 |    57 ||   175
Dodge: Dodged            |   102 |    53 |    31 ||   186

Table legend: (Time is in decaauts)
 A = Elapsed time spent in this place.
 B = Non-inter-level travel time spent in this place.
 C = Inter-level travel time spent in this place.
 D = Time resting spent in this place.
 E = Time spent auto-exploring this place.
 F = Levels seen in this place.
 G = Mean time per level.
                   A        B        C        D        E       F      G
               +--------+--------+--------+--------+--------+-----+--------+
         Total |   3369 |   2743 |    626 |      0 |   2049 |   5 |  673.8 |
       Dungeon |   3369 |   2743 |    626 |      0 |   2049 |   5 |  673.8 |
               +--------+--------+--------+--------+--------+-----+--------+

Top non-repeatable levels by time:
     D:4: 1019 daAuts
     D:1: 825 daAuts
     D:3: 664 daAuts
     D:2: 519 daAuts
     D:5: 341 daAuts
